 Dungeon Crawl Stone Soup version 0.21.1-1-g345015f (webtiles) character file.

102 inmateoo the Firebug (level 4, -5/24 HPs)
             Began as a Deep Elf Fire Elementalist on Feb 20, 2018.
             Killed by divine providence
             ... invoked by an orc priest
              (13 damage)
             ... on level 3 of the Dungeon.
             The game lasted 00:03:09 (2311 turns).

inmateoo the Firebug (Deep Elf Fire Elementalist)   Turns: 2311, Time: 00:03:11

Health: -5/24      AC:  2    Str:  5    XL:     4   Next: 50%
Magic:  10/10      EV: 13    Int: 21    God:
Gold:   134        SH:  0    Dex: 15    Spells: 3/9 levels left

rFire    + . .     SeeInvis .   k - +2 hand axe (elec)
rCold    . . .     Gourm    .   (no shield)
rNeg     . . .     Faith    .   a - +0 robe
rPois    .         Spirit   .   (no helmet)
rElec    .         Reflect  .   (no cloak)
rCorr    .         Harm     +   (no gloves)
MR       .....                  (no boots)
Stlth    ++........             f - amulet of harm
HPRegen  0.08/turn              j - ring of protection from fire
MPRegen  0.12/turn              (no ring)

@: no status effects
A: no striking features
a: no special abilities


You were on level 3 of the Dungeon.
You were very hungry.

You visited 1 branch of the dungeon, and saw 3 of its levels.

You collected 134 gold pieces.

Inventory:

Hand Weapons
 k - a +2 hand axe of electrocution (weapon)
Armour
 a - a +0 robe (worn)
Jewellery
 f - an amulet of harm (around neck)
 j - a ring of protection from fire (left hand)
Potions
 d - a potion of agility {unknown}
 g - a potion of magic
 h - a potion of curing
Books
 b - a book of Flames

   Spells                             Type                      Level
   a - Flame Tongue                   Conjuration/Fire             1
   b - Throw Flame                    Conjuration/Fire             2
   c - Conjure Flame                  Conjuration/Fire             3
   d - Inner Flame                    Hexes/Fire                   3
   e - Sticky Flame                   Conjuration/Fire             4
   f - Fireball                       Conjuration/Fire             5
Comestibles
 c - 6 rations


   Skills:
 + Level 0.5 Fighting
 - Level 2.4 Dodging
 - Level 2.4 Stealth
 + Level 3.2 Spellcasting
 + Level 1.4 Conjurations
 * Level 5.5 Fire Magic


You had 3 spell levels left.
You knew the following spells:

 Your Spells              Type           Power        Failure   Level  Hunger
a - Flame Tongue          Conj/Fire      ###..        3%          1    None
b - Throw Flame           Conj/Fire      ###...       4%          2    ##.....
c - Conjure Flame         Conj/Fire      ###.....     10%         3    ###....


Dungeon Overview and Level Annotations

Branches:
Dungeon (3/15)

Altars:
Nemelex Xobeh


Message History

Ouch! That really hurt!
There is a stone staircase leading up here.
You see here 2 stones.
The orc priest mumbles some strange prayers to Beogh against you.
Pain shoots through your body!
* * * LOW HITPOINT WARNING * * *
You climb upwards.
There is a stone staircase leading down here.
You start resting.
You are feeling hungry.
You start resting.
You are feeling very hungry.
You climb downwards.
The orc priest calls down the wrath of Beogh upon you.
Pain shoots through your body!
Ouch! That really hurt!
The orc priest mumbles some strange prayers to Beogh against you.
Beogh smites you!
Ouch! That really hurt!
You die...

....##..... .. ..........
?#.. .......... ....###
......... .....#. .........
..>....########........
.........@..().........
...........##..).......
.........(.........(...
.#.##....o...........##
#.#(.#...o............#
#.##......(...........#
#$####................#
#.#######............<#
######.#.†........########.#


You could see 2 orc priests.

Vanquished Creatures
  4 adders (D:2)
  A worm (D:2)
  4 dart slugs (D:1)
  2 leopard geckos (D:2)
  2 orcs (D:3)
  2 giant cockroaches
  8 goblins
  6 hobgoblins
  A ball python (D:1)
  6 bats
  5 frilled lizards
  6 kobolds
  4 rats
51 creatures vanquished.

Notes
Turn   | Place    | Note
-------+----------+-------------------------------------------
     0 | D:1      | inmateoo the Deep Elf Fire Elementalist began the quest for the Orb.
     0 | D:1      | Reached XP level 1. HP: 10/10 MP: 6/6
   249 | D:1      | Reached skill level 4 in Fire Magic
   249 | D:1      | Reached XP level 2. HP: 15/15 MP: 2/8
   842 | D:1      | Reached XP level 3. HP: 19/19 MP: 7/9
   897 | D:1      | Found a sparkling altar of Nemelex Xobeh.
  1044 | D:2      | Reached skill level 5 in Fire Magic
  1388 | D:2      | Learned a level 2 spell: Throw Flame
  1392 | D:2      | Learned a level 3 spell: Conjure Flame
  1483 | D:2      | Reached XP level 4. HP: 23/24 MP: 6/10
  2052 | D:3      | HP: 1/24 [orc priest/nerve-wracking pain (8)]
  2311 | D:3      | Killed from afar by an orc priest

Skill      XL: |  1  2  3 |
---------------+----------+-----
Fire Magic     | 4 5 |  5.5
Fighting       | |  0.5
Dodging        | |  2.4
Stealth        | |  2.4
Spellcasting   | |  3.2
Conjurations   | |  1.4

Action                   |  1- 3 |  4- 6 || total
-------------------------+-------+-------++-------
Melee: Hand axe          |     2 |       ||     2
 Cast: Flame Tongue      |    52 |    24 ||    76
  Use: Scroll            |     5 |     2 ||     7
       Potion            |     1 |       ||     1
  Eat: Chunk             |     1 |     2 ||     3
Armor: Robe              |     2 |     1 ||     3
Dodge: Dodged            |    12 |     8 ||    20
